 Dungeon Crawl Stone Soup version 0.30-a0-123-g91d0c66ccf (webtiles) character file.

Game seed: 10491068697459240840

47 bande the Trooper (level 3, -2/33 HPs)
             Began as a Hill Orc Fighter on Sept 18, 2022.
             Slain by a gnoll
             ... wielding a +0 club
              (5 damage)
             ... on level 1 of the Dungeon.
             The game lasted 00:01:54 (1172 turns).

bande the Trooper (Hill Orc Fighter)                Turns: 1172, Time: 00:01:55

Health: -2/33      AC:  7    Str: 18    XL:     3   Next: 70%
Magic:  3/3        EV:  9    Int:  8    God:
Gold:   96         SH:  5    Dex: 12    Spells: 2/2 levels left

rFire   . . .      SeeInvis .    i - +0 war axe (drain)
rCold   . . .      Faith    .    c - +0 buckler
rNeg    . . .      Spirit   .    b - +0 scale mail
rPois   .          Reflect  .    (no helmet)
rElec   .          Harm     .    (no cloak)
rCorr   .          Rampage  .    (no gloves)
Will    .....                    (no boots)
Stlth   ..........               (no amulet)
HPRegen 0.11/turn                (no ring)
MPRegen 0.08/turn                (no ring)

@: no status effects
A: no striking features
a: no special abilities


You were on level 1 of the Dungeon.
You visited 1 branch of the dungeon, and saw 2 of its levels.

You collected 96 gold pieces.

Inventory:

Hand Weapons
 a - a +0 war axe
 i - a +0 war axe of draining (weapon)
Armour
 b - a +0 scale mail (worn)
 c - a +0 buckler (worn)
Scrolls
 e - a scroll of poison {unknown}
 f - 5 scrolls of identify {unknown}
 g - 2 scrolls of blinking {unknown}
Potions
 d - 2 potions of might
 h - a potion of cancellation {unknown}
 j - a potion of ambrosia {unknown}
 k - a potion of berserk rage {unknown}


   Skills:
 + Level 4.0 Fighting
 + Level 3.5 Axes
 + Level 3.8 Armour
 + Level 3.9 Shields


You had 2 spell levels left.
You didn't know any spells.
Your spell library contained the following spells:

 Spells                   Type           Power      Damage    Failure   Level
 Sting                    Tmut/Pois      0%         1d3       87%         1
 Poisonous Vapours        Pois/Air       0%         N/A       95%         2
 Olgreb's Toxic Radiance  Pois           0%         N/A       100%        4


Dungeon Overview and Level Annotations

Branches:
Dungeon (2/15)

Altars:


Message History

There is a stone staircase leading down here.
You slash the quokka!
You kill the quokka!
No target in view!
No target in view!
No target in view!
No target in view!
No target in view!
No target in view!
No target in view!
You climb downwards.
The gnoll hits you with a +0 club. x2
You block the gnoll's attack. The gnoll hits you with a +0 club.
There is a stone staircase leading up here.
Unknown command.
The gnoll hits you with a +0 club. x2
You climb upwards.
There is a stone staircase leading down here.
Unknown command.
You are too injured to fight recklessly!
You are too injured to fight recklessly!
You are too injured to fight recklessly!
You are too injured to fight recklessly!
You are too injured to fight recklessly!
You are too injured to fight recklessly!
You are too injured to fight recklessly!
The gnoll attacks as you move away! The gnoll hits you with a +0 club.
You see here a quokka corpse.
You hit the gnoll.
The gnoll is heavily wounded.
The gnoll hits you with a +0 club.
* * * LOW HITPOINT WARNING * * *
You slash the gnoll!
You kill the gnoll!
The gnoll hits you with a +0 club.
* * * LOW HITPOINT WARNING * * *
Your Fighting skill increases to level 4!
You hit the gnoll. You drain the gnoll.
The gnoll is moderately wounded.
The gnoll hits you with a +0 club.
You die...

#.....................
####.##########.......
#.# #....... #.#
#....... #.#
##########.### #.#
#..........# #.#
##.########.#
#.###.#.#######.#
#.@g>###........#
#####.#.#######.#
##.## #.###
#.########....
#..........###
############


You could see a gnoll (very drained).

Vanquished Creatures
  A gnoll (D:1)
  A worm (D:2)
  5 bats (D:1)
  An endoplasm (D:2)
  A giant cockroach (D:1)
  4 goblins (D:1)
  5 hobgoblins
  3 quokkas
  5 ball pythons
  A frilled lizard (D:1)
  6 rats
33 creatures vanquished.

Notes
Turn   | Place    | Note
-------+----------+-------------------------------------------
     0 | D:1      | bande the Hill Orc Fighter began the quest for the Orb.
     0 | D:1      | Reached XP level 1. HP: 19/19 MP: 1/1
   174 | D:1      | Reached XP level 2. HP: 27/27 MP: 2/2
   351 | D:1      | Found a faded altar of an unknown god.
   543 | D:1      | Reached XP level 3. HP: 32/33 MP: 3/3
  1172 | D:1      | Reached skill level 4 in Fighting
  1172 | D:1      | Slain by a gnoll

Illustrated notes

Levels and vault maps discovered:
D:1:      dpeg_arrival_long_road, layout_loops_ring,
          hellmonk_ecumenical_altar_prayer_group, minmay_misc_feat_diagonals,
          grunt_decor_resistance
D:2:      layout_basic, serial_bayou_pond_e

Skill      XL: |  1  2  3 |
---------------+----------+-----
Axes           | 3 |  3.5
Fighting       | 4 |  4.0
Armour         | |  3.8
Shields        | |  3.9

Action                   || total
-------------------------++-------
Melee: War axe           ||    76
Armor: Scale mail        ||    35
Dodge: Dodged            ||    47
Block: Buckler           ||    15

Table legend: (Time is in decaauts)
 A = Elapsed time spent in this place.
 B = Non-inter-level travel time spent in this place.
 C = Inter-level travel time spent in this place.
 D = Time resting spent in this place.
 E = Time spent auto-exploring this place.
 F = Levels seen in this place.
 G = Mean time per level.
                   A        B        C        D        E       F      G
               +--------+--------+--------+--------+--------+-----+--------+
         Total |   1203 |   1113 |     90 |      0 |    879 |   2 |  601.5 |
       Dungeon |   1203 |   1113 |     90 |      0 |    879 |   2 |  601.5 |
               +--------+--------+--------+--------+--------+-----+--------+

Top non-repeatable levels by time:
     D:1: 917 daAuts
     D:2: 285 daAuts
